 Seeded DCSS version 0.29.0-5-ge4962eb29e (webtiles) character file.

Game seed: 1 (custom seed)

74 Kazon the Covered (level 3, -2/31 HPs)
             Began as a Demigod Fighter on Aug 29, 2022.
             Slain by a gnoll
             ... wielding a +0 halberd
              (5 damage)
             ... on level 2 of the Dungeon.
             The game lasted 00:05:01 (1294 turns).

Kazon the Covered (Demigod Fighter)                 Turns: 1294, Time: 00:05:01

Health: -2/31      AC: 11    Str: 21    XL:     3   Next: 86%
Magic:  5/5        EV:  9    Int: 10    God:
Gold:   134        SH:  4    Dex: 13    Spells: 2/2 levels left

rFire   . . .      SeeInvis +   a - +0 long sword
rCold   . . .      Faith    .   c - +0 buckler
rNeg    . . .      Spirit   .   b - +0 scale mail
rPois   .          Reflect  .   e - +0 helmet {SInv}
rElec   .          Harm     .   (no cloak)
rCorr   .          Rampage  .   (no gloves)
Will    .....                   n - +2 pair of boots
Stlth   ..........              l - amulet of regeneration
HPRegen 0.90/turn               (no ring)
MPRegen 0.09/turn               (no ring)

@: no status effects
A: high MP 1, forlorn, divine attributes
a: no special abilities


You were on level 2 of the Dungeon.
You visited 1 branch of the dungeon, and saw 3 of its levels.

You collected 134 gold pieces.

Inventory:

Hand Weapons
 a - a +0 long sword (weapon)
Missiles
 f - 8 stones (quivered)
 k - 7 poisoned darts
Armour
 b - a +0 scale mail (worn)
 c - a +0 buckler (worn)
 e - a +0 helmet of see invisible (worn)
 n - a +2 pair of boots (worn)
Jewellery
 l - an amulet of regeneration (around neck)
Scrolls
 j - a scroll of identify {unknown}
Potions
 d - a potion of might
 g - a potion of haste {unknown}
 h - a potion of flight {unknown}
 i - a potion of attraction {unknown}
 m - a potion of berserk rage {unknown}


   Skills:
 + Level 3.0 Fighting
 + Level 2.9 Long Blades
 * Level 0.3 Throwing
 + Level 3.2 Armour
 + Level 2.9 Shields


You had 2 spell levels left.
You didn't know any spells.
Your spell library was empty.

Dungeon Overview and Level Annotations

Branches:
Dungeon (3/15)

Shops:
D:3 (


Innate Abilities, Weirdness & Mutations

You have an increased reservoir of magic. (+10% MP)
You shall have no god before yourself.
Your divine heritage dramatically boosts your attributes as you level up.


Message History

You hit the gnoll.
The gnoll is heavily wounded.
The gnoll barely misses you.
A gnoll comes into view. It is wielding a +0 spear.
The gnoll shouts!
The gnoll hits you but does no damage.
The gnoll throws a throwing net.
The throwing net hits you.
You become entangled in the net!
You see here a throwing net.
You struggle against the net.
The gnoll completely misses you.
You tear a large gash into the net.
The gnoll closely misses you.
You struggle against the net.
The gnoll barely misses you.
You shred the net and break free! The gnoll hits you with a +0 whip.
The gnoll attacks as you move away! The gnoll barely misses you.
Items here: ( ))) ?.
You hit the gnoll.
The gnoll is severely wounded.
The gnoll hits you but does no damage. You block the gnoll's attack.
The gnoll hits you with a +0 whip! The gnoll misses you.
You slash the gnoll!
You kill the gnoll!
The gnoll hits you from afar with a +0 spear.
A gnoll comes into view. It is wielding a +0 halberd.
The gnoll shouts!
The gnoll hits you with a +0 spear.
Items here: ( )))) ?.
You slash the gnoll!
You kill the gnoll!
The gnoll hits you from afar with a +0 halberd.
You block the gnoll's attack.
Things that are here:
a +0 spear; a gnoll corpse You hit the gnoll but do no damage.
The gnoll hits you with a +0 halberd. The gnoll hits you with a +0 halberd!
* * * LOW HITPOINT WARNING * * *
You hit the gnoll but do no damage. The gnoll hits you with a +0 halberd.
* * * LOW HITPOINT WARNING * * *
You hit the gnoll but do no damage. The gnoll hits you but does no damage.
You hit the gnoll but do no damage. You block the gnoll's attack.
The gnoll hits you with a +0 halberd.
You die...

..#...K. ##.#....
........ .#.#.#.#
#.#.#.#.# #.#
######.#.#.#.# #.#
#............# #.#
#.##.....g.### #.#
#.##..####@# #<#
#.##..# #)# #.#
#.##..# #.# #.#
#.##..####.#
#.#####..........#
.......>##..######
####....##..#
............#
.#########.##


You could see a gnoll.

Vanquished Creatures
  2 gnolls (D:2)
  2 adders (D:2)
  A worm (D:2)
  7 endoplasms
  A giant cockroach (D:1)
  5 goblins
  3 hobgoblins
  3 kobolds
  A quokka (D:1)
  2 ball pythons (D:2)
  2 bats
  A frilled lizard (D:2)
  3 rats (D:1)
33 creatures vanquished.

Notes
Turn   | Place    | Note
-------+----------+-------------------------------------------
     0 | D:1      | Kazon the Demigod Fighter began the quest for the Orb.
     0 | D:1      | Reached XP level 1. HP: 18/18 MP: 3/3
    34 | D:1      | Identified a scroll of acquirement
    34 | D:1      | Acquired a +0 helmet of see invisible
   321 | D:1      | Reached XP level 2. HP: 25/25 MP: 4/4
   863 | D:3      | Found Umat's Antique Weapon Boutique.
  1182 | D:2      | Reached XP level 3. HP: 31/31 MP: 5/5
  1209 | D:2      | You fall into a shaft and drop 1 floor!
  1292 | D:2      | HP: 1/31 [gnoll/+0 halberd (5)]
  1294 | D:2      | Slain by a gnoll

Illustrated notes

Levels and vault maps discovered:
D:1:      dpeg_arrival_three_smaller_balls, layout_basic
D:2:      layout_loops_ring
D:3:      layout_basic, serial_shops, nicolae_shop_stone, st_stairs_7

Skill      XL: |  1  2 |
---------------+-------+-----
Armour         | 3 |  3.2
Fighting       | 3 |  3.0
Long Blades    | 2 |  2.9
Throwing       | |  0.3
Shields        | |  2.9

Action                   || total
-------------------------++-------
Melee: Long sword        ||   100
Throw: Stone             ||     4
  Use: Scroll            ||     1
Armor: Scale mail        ||    54
Dodge: Dodged            ||    48
Block: Buckler           ||    18
